 Dungeon Crawl Stone Soup version 0.31-a0-177-g4aa6249778 (webtiles) character file.

Game seed: 9468090614892045971

366 BrainTurd the Cudgeller (level 6, 0/46 HPs)
             Began as a Barachi Warper on June 18, 2023.
             Was a Priest of Sif Muna.
             Succumbed to a scorpion's poison
             ... on level 5 of the Dungeon.
             The game lasted 00:37:26 (4345 turns).

BrainTurd the Cudgeller (Barachi Warper)            Turns: 4345, Time: 00:37:27

Health: 0/46       AC: 12    Str: 14    XL:     6   Next: 68%
Magic:  1/9        EV:  9    Int: 13    God:    Sif Muna [***...]
Gold:   200        SH:  0    Dex: 12    Spells: 3/9 levels left

rFire   . . .        a - +0 mace
rCold   . . .        (no shield)
rNeg    . . .        s - +4 scale mail
rPois   .            r - +1 hat
rElec   .            (no cloak)
rCorr   .            k - +0 pair of gloves
SInv    .            (no boots)
Will    .....        h - amulet of the acrobat Stlth
                     (no ring)
HPRegen 0.27/turn    (no ring)
MPRegen 0.11/turn

%: acrobat
@: lethally poisoned (0 -> -9), unable to hop, very slightly contaminated, slow
A: amphibious, slowness 1, strong legs 1, +LOS
a: Hop, Renounce Religion, Channel Magic, Forget Spell


You were on level 5 of the Dungeon.
You worshipped Sif Muna.
Sif Muna was most pleased with you.
You visited 1 branch of the dungeon, and saw 5 of its levels.

You collected 200 gold pieces.

Inventory:

Hand Weapons
 a - a +0 mace (weapon)
 t - a +2 dagger of holy wrath
Armour
 k - a +0 pair of gloves (worn)
 r - a +1 hat (worn)
 s - a +4 scale mail (worn)
Jewellery
 h - an amulet of the acrobat (around neck)
 p - a ring of fire
Wands
 b - a wand of quicksilver (7)
Scrolls
 e - 6 scrolls of identify {unknown}
 i - a scroll of noise {unknown}
 j - 2 scrolls of immolation {unknown}
 m - 2 scrolls of enchant weapon {unknown}
 n - 2 scrolls of teleportation {unknown}
Potions
 c - a potion of brilliance {unknown}
 f - a potion of enlightenment {unknown}
 g - a potion of curing {unknown}
 l - 2 potions of heal wounds {unknown}
 o - a potion of resistance {unknown}
 q - a potion of might {unknown}


   Skills:
 - Level 2.4 Fighting
 * Level 6.2 Maces & Flails
 - Level 1.0 Throwing
 - Level 1.2 Armour
 - Level 2.1 Dodging
 - Level 2.1 Spellcasting
 + Level 5.3 Translocations


You had 3 spell levels left.
You knew the following spells:

 Your Spells              Type           Power      Damage    Failure   Level
a - Blink                 Tloc           30%        N/A       19%         2
b - Manifold Assault      Tloc           15%        N/A       77%         4

Your spell library contained the following spells:

 Spells                   Type           Power      Damage    Failure   Level
 Lesser Beckoning         Tloc           30%        N/A       19%         2
 Teleport Other           Tloc           15%        N/A       36%         3
 Vhi's Electric Charge    Tloc/Air       16%        N/A       73%         3


Dungeon Overview and Level Annotations

Branches:
Dungeon (5/15)
 Temple: D:4-7

Altars:
Sif Muna


Innate Abilities, Weirdness & Mutations

You are amphibious.
You cover ground slowly.
You can hop short distances.
You have an extended range of vision and can be seen from far away.


Message History

The ogre closely misses you.
You hit the ogre.
The ogre is lightly wounded.
The ogre hits you with a +0 giant club!
You hit the ogre.
The ogre is moderately wounded.
You hit the ogre but do no damage.
The ogre is moderately wounded.
You are no longer locked in place.
The ogre hits you with a +0 giant club!
You barely miss the ogre.
The ogre is moderately wounded.
The ogre hits you with a +0 giant club!!
* * * LOW HITPOINT WARNING * * *
Casting: Manifold Assault (extremely dangerous; 77% risk of failure)
Confirm with . or Enter, or press ? or * to list all spells.
You blink.
Okay, then.
You feel stable enough to blink again.
Hop to where?
Press: ? - help, Dir - move target Boing!
There is a stone staircase leading down here.
You climb downwards.
The scorpion stings you.
* * * LOW HITPOINT WARNING * * *
The scorpion closely misses you.
There is a stone staircase leading up here.
Okay, then.
Okay, then.
Okay, then.
You hit the scorpion but do no damage. The scorpion stings you.
* * * LOW HITPOINT WARNING * * *
You are lethally poisoned!
The scorpion poisons you!
You closely miss the scorpion.
* * * LOW HITPOINT WARNING * * *
You feel very sick.
The scorpion stings you but does no damage. x2
You hit the scorpion but do no damage.
You die...

#.# #.# #.# #.# # #.#
# #. #.####.###
#####.##.#......
#......#.#.##.####
........@s.....>..
#.####.#...#..#.# ..
#.†.#..#.# ##
#...#..#.#
#..#...#....#
##...........####.#
....................#
..#.....#.##...#####
...................#


You could see a scorpion.

Vanquished Creatures
  Menkaure (D:5)
  A howler monkey (D:4)
  An orc wizard (D:3)
  7 adders
  An ufetubus (D:4)
  2 worms
  2 dart slugs
  9 orcs
  8 ball pythons
  8 endoplasms
  5 giant cockroaches
  5 goblins
  13 hobgoblins
  7 jackals
  4 quokkas
  7 bats
  4 frilled lizards
  3 kobolds
  6 rats (D:2)
94 creatures vanquished.

Notes
Turn   | Place    | Note
-------+----------+-------------------------------------------
     0 | D:1      | BrainTurd the Barachi Warper began the quest for the Orb.
     0 | D:1      | Reached XP level 1. HP: 17/17 MP: 3/3
   192 | D:1      | Reached XP level 2. HP: 22/23 MP: 5/5
   309 | D:1      | Reached skill level 3 in Maces & Flails
   489 | D:1      | Found a faded altar of an unknown god.
   493 | D:1      | Prayed at the altar of an unknown god.
   493 | D:1      | Became a worshipper of Sif Muna the Loreminder
   493 | D:1      | Reached * piety under Sif Muna
   497 | D:1      | Learned a level 2 spell: Blink
   531 | D:1      | Reached XP level 3. HP: 18/28 MP: 6/6
  1348 | D:2      | Reached ** piety under Sif Muna
  1349 | D:2      | Reached skill level 4 in Maces & Flails
  1349 | D:2      | Reached XP level 4. HP: 31/34 MP: 7/7
  1360 | D:2      | Learned a level 4 spell: Manifold Assault
  1941 | D:3      | Reached XP level 5. HP: 32/39 MP: 8/8
  2457 | D:4      | Noticed an ogre
  2615 | D:4      | Reached skill level 5 in Maces & Flails
  2717 | D:4      | Noticed an ogre
  2726 | D:4      | Noticed an ogre
  3010 | D:4      | Reached *** piety under Sif Muna
  3649 | D:5      | Entered Level 5 of the Dungeon
  3840 | D:5      | Noticed Menkaure
  4132 | D:4      | Reached skill level 5 in Translocations
  4132 | D:4      | Reached XP level 6. HP: 44/46 MP: 9/9
  4169 | D:5      | Killed Menkaure
  4170 | D:5      | Reached skill level 6 in Maces & Flails
  4344 | D:5      | HP: 2/46 [poisoned by a scorpion]
  4345 | D:5      | Succumbed to a scorpion's poison

Illustrated notes

Levels and vault maps discovered:
D:1:      amcnicky_arrival_single_pillar, layout_loops_ring,
          hellmonk_ecumenical_altar_heavens_door,
          amcnicky_mini_corridor_feature, item_on_display_a
D:2:      layout_rooms, grunt_ministairs_14, hangedman_decor_opposing,
          minmay_cupped
D:3:      layout_rooms, chequers_avenue
D:4:      layout_cave_pools, minmay_manual_macuahuitl
D:5:      layout_basic, minmay_temple_entry_hall, uniq_menkaure

Skill      XL: |  1  2  3  4  5  6 |
---------------+-------------------+-----
Maces & Flails | 3 4 5 6 |  6.2
Translocations | 4 5 |  5.3
Fighting       | |  2.4
Throwing       | |  1.0
Armour         | |  1.2
Dodging        | |  2.1
Spellcasting   | |  2.1

Action                     |  1- 3 |  4- 6 || total
---------------------------+-------+-------++-------
  Melee: Mace              |   172 |   223 ||   395
         Punch             |     1 |     2 ||     3
         Dagger            |       |     5 ||     5
  Throw: Boomerang         |       |     7 ||     7
   Cast: Blink             |       |    19 ||    19
         Manifold Assault  |       |     1 ||     1
Ability: Hop               |       |     2 ||     2
    Use: Scroll            |       |     1 ||     1
 Armour: Leather armour    |    46 |    61 ||   107
         Scale mail        |       |    39 ||    39
  Dodge: Dodged            |   122 |   234 ||   356

Table legend: (Time is in decaauts)
 A = Elapsed time spent in this place.
 B = Non-inter-level travel time spent in this place.
 C = Inter-level travel time spent in this place.
 D = Time resting spent in this place.
 E = Time spent auto-exploring this place.
 F = Levels seen in this place.
 G = Mean time per level.
                   A        B        C        D        E       F      G
               +--------+--------+--------+--------+--------+-----+--------+
         Total |   4953 |   4287 |    666 |    735 |   2002 |   5 |  990.6 |
       Dungeon |   4953 |   4287 |    666 |    735 |   2002 |   5 |  990.6 |
               +--------+--------+--------+--------+--------+-----+--------+

Top non-repeatable levels by time:
     D:3: 1395 daAuts
     D:1: 1239 daAuts
     D:2: 981 daAuts
     D:4: 849 daAuts
     D:5: 487 daAuts
